 Dungeon Crawl Stone Soup version 0.19-a0-975-gfff5315 (webtiles) character file.

108624 Gorice the Devastator (level 16, -8/122 HPs)
             Began as a Demonspawn Venom Mage on July 12, 2016.
             Was a High Priest of Sif Muna.
             Mangled by a two-headed ogre
             ... wielding a +0 giant club
              (20 damage)
             ... on level 14 of the Dungeon on July 13, 2016.
             The game lasted 04:25:28 (42477 turns).

Gorice the Devastator (Demonspawn Venom Mage)      Turns: 42477, Time: 04:25:28

Health: -8/122     AC: 19    Str:  9    XL:     16   Next: 3%
Magic:  29/42      EV: 19    Int: 22    God:    Sif Muna [*****.]
Gold:   1683       SH:  0    Dex: 15    Spells: 12 memorised, 7 levels left

rFire  + . .     SeeInvis .     b - +1 dagger (elec)
rCold  + . .     Gourm    .     f - +2 robe {rC+ rF+}
rNeg   + . .     Faith    +     (no shield)
rPois  +         Spirit   .     (helmet unavailable)
rElec  .         Dismiss  .     i - +2 cloak {MR+}
rCorr  .         Reflect  .     s - +0 pair of gloves
SustAt .         Harm     .     S - +0 pair of boots
MR     ++++.                    A - amulet of faith {!P}
Stlth  ++........               W - ring of magical power
                                v - ring "Vixuent" {*Drain +Fly rPois rN+ MR++}

@: icy armour, repel missiles, slow, incredibly resistant to hostile
enchantments, unstealthy
A: horns 3, slimy green scales 2, blink, foul stench 1, powered by death 1, rot
immunity
a: Blink, Divine Energy, Channel Magic, Forget Spell, Renounce Religion, Evoke
Flight


You were on level 14 of the Dungeon.
You worshipped Sif Muna.
Sif Muna was extremely pleased with you.
You were hungry.

You visited 4 branches of the dungeon, and saw 24 of its levels.
You also visited: Ice Cave.

You collected 2802 gold pieces.
You spent 1119 gold pieces at shops.

Inventory:

Hand Weapons
 a - a +2 short sword of venom
   (You found it on level 1 of the Dungeon)
 b - a +1 dagger of electrocution (weapon)
   (You took it off an orc wizard on level 8 of the Dungeon)
 x - a +0 blowgun
Missiles
 q - 2 steel tomahawks (quivered)
 r - 17 javelins
 Y - 4 throwing nets
Armour
 f - a +2 robe of resistance (worn)
   (You found it on level 2 of the Dungeon)
 i - a +2 cloak of magic resistance (worn)
   (You found it on level 4 of the Dungeon)
 s - a +0 pair of gloves (worn)
 S - a +0 pair of boots (worn)
Magical Staves
 P - an uncursed staff of poison
Jewellery
 e - an uncursed ring of poison resistance
 g - a +5 ring of intelligence {unknown}
 v - the ring "Vixuent" (left hand) {*Drain +Fly rPois rN+ MR++}
   (You found it in an ice cave)

   [ring of flight]

   It protects you from poison.
   It protects you from negative energy.
   It affects your resistance to hostile enchantments.
   It lets you fly.
   It causes draining when unequipped.
 A - an amulet of faith (around neck) {!P}
 I - an uncursed ring of fire
 J - an uncursed ring of protection from magic
 W - a ring of magical power (right hand)
Wands
 d - a wand of disintegration (5/24)
 h - a wand of heal wounds (5/9) {!d}
 n - a wand of lightning (10/15)
 p - a wand of slowing (16/48)
 H - a wand of paralysis (7/24)
 L - a wand of iceblast (6/15)
Scrolls
 k - a scroll of fog
 o - 4 scrolls of blinking
 t - 4 scrolls of magic mapping {!r}
 u - 3 scrolls of teleportation {!r}
 C - 3 scrolls of fear {!r}
 F - 5 scrolls of remove curse
 T - 3 scrolls of identify
Potions
 j - 3 potions of agility {!q}
 l - 2 potions of haste {!q}
 m - 2 potions of cancellation {!q}
 w - a potion of invisibility {!q}
 B - a potion of might {!q}
 D - a potion of curing
 K - 2 potions of heal wounds {!q}
 O - 2 potions of resistance {!q}
Miscellaneous
 G - a sack of spiders
Comestibles
 c - 10 bread rations {!e}
 z - 4 chunks of flesh
 E - 25 fruits


   Skills:
 - Level 10.0 Fighting
 + Level 10.3 Dodging
 - Level 1.7 Stealth
 - Level 13.0 Spellcasting
 - Level 15.2 Conjurations
 - Level 6.0 Charms
 - Level 3.0 Translocations
 + Level 7.2 Fire Magic
 - Level 3.1 Earth Magic
 - Level 4.0 Poison Magic
 - Level 8.0 Invocations
 + Level 5.8 Evocations


You had 7 spell levels left.
You knew the following spells:

 Your Spells              Type           Power        Failure   Level  Hunger
a - Sting                 Conj/Pois      ####         1%          1    None
b - Stone Arrow           Conj/Erth      ######       1%          3    None
c - Mephitic Cloud        Conj/Pois/Air  #####...     1%          3    None
d - Force Lance           Conj/Tloc      ######..     1%          4    None
e - Sticky Flame          Conj/Fire      ######..     1%          4    None
f - Bolt of Fire          Conj/Fire      ######....   10%         6    #####..
o - Ozocubu's Armour      Chrm/Ice       ####....     4%          3    None
w - Passwall              Tmut/Erth      ###.......   4%          2    None
A - Apportation           Tloc           ####......   1%          1    None
M - Repel Missiles        Chrm/Air       ####..       1%          2    None
R - Regeneration          Chrm/Necr      ####......   4%          3    None
S - Swiftness             Chrm/Air       ####....     1%          2    None


Dungeon Overview and Level Annotations

Branches:
Dungeon (15/15)            Temple (1/1) D:6            Lair (6/6) D:11
  Swamp (0/4) Lair:4       Spider (0/4) Lair:3        Slime (0/5) Lair:5
    Orc (2/2) D:9             Elf (0/3) Orc:2        Vaults (0/5) D:13
 Depths: D:15

Altars:
Ashenzari
Cheibriados
Dithmenos
Elyvilon
Fedhas
Gozag
Hepliaklqana
Kikubaaqudgha
Makhleb
Nemelex Xobeh
Okawaru
Pakellas
Qazlal
Ru
Sif Muna
Trog
Uskayaw
Vehumet
Xom
Yredelemnul
Zin
The Shining One
Jiyva

Shops:
D:6 }   D:8 %   D:9 :   D:12 ?   Orc:2 !*}}*

Annotations:
D:7 vpUX: Ribbit trapped in Xom vault (dig), Prince Ribbit
D:13 Shenda's ghost, journeyman MiFi


Innate Abilities, Weirdness & Mutations

You have a pair of large horns on your head.
You are mostly covered in slimy green scales. (AC +3)
You may emit foul miasma when damaged in melee.
You regenerate a little health from kills.
You are immune to rotting.
You can translocate small distances at will.


Message History

The white ugly thing burns!
The white ugly thing stops burning.
A wraith comes into view.
The white ugly thing basks in the mutagenic energy from its kin and changes!
You see here a cyclops skeleton.
The two-headed ogre hits you with a giant club!!
The two-headed ogre completely misses you.
The white ugly thing bites you but does no damage.
Damage: 25 (max 25)
The two-headed ogre misses you. x2
The purple ugly thing basks in the mutagenic energy from its kin and changes!
A skeletal warrior comes into view. It is wielding a halberd.
There is a stone staircase leading up, spattered with blood here.
You see here 2 large rocks.
The two-headed ogre hits you but does no damage.
The two-headed ogre looks sick.
The two-headed ogre barely misses you.
The white ugly thing bites you but does no damage.
The wyvern bites you!
* * * LOW HITPOINT WARNING * * *
The two-headed ogre closely misses you. The two-headed ogre barely misses you.
You climb upwards.
There is a stone staircase leading down, spattered with blood here.
Damage: 8 (max 25)
Casting: Sticky Flame
Confirm with . or Enter, or press ? or * to list all spells.
Okay, then.
Casting: Sticky Flame
Confirm with . or Enter, or press ? or * to list all spells.
Aiming: Sticky Flame
Press: ? - help, Shift-Dir - straight line, f - two-headed ogre
Aim: a two-headed ogre, wielding a giant club and a giant spiked club (fast, sick)
The sticky flame hits the two-headed ogre.
The two-headed ogre is lightly wounded.
The two-headed ogre is covered in liquid flames!
The two-headed ogre burns!
The wyvern misses you.
The white ugly thing bites you but does no damage.
The two-headed ogre hits you with a giant club!!
* * * LOW HITPOINT WARNING * * *
The two-headed ogre misses you. The wyvern completely misses you.
Damage: 19 (max 25)
You closely miss the white ugly thing.
The white ugly thing is severely wounded.
The two-headed ogre burns!
The white ugly thing bites you!
* * * LOW HITPOINT WARNING * * *
The white ugly thing freezes you! You resist.
* * * LOW HITPOINT WARNING * * *
The wyvern bites you.
* * * LOW HITPOINT WARNING * * *
The wyvern looks sick.
The two-headed ogre misses you.
The two-headed ogre hits you with a giant spiked club!!
You die...

####'##### ###......
#........# #.'..)...
#........# ##.#......
#........###..#......
#........#...##......
#........'.####......
#........### #......
#..u.....# #......
#...@....# #..)...
#..lO....# #......
########## #######


You could see a white ugly thing, a two-headed ogre (burning) and a wyvern.

Vanquished Creatures
  Rupert (Lair:5)
  Gastronok (Lair:3)
  An entropy weaver (shapeshifter) (D:13)
  Azrael (D:13)
  A crystal guardian (D:14)
  Snorg (D:11)
  A fire dragon (Lair:6)
  10 hydras
  2 ice dragons (IceCv)
  A catoblepas (Lair:3)
  A death knight (D:10)
  2 tengu warriors
  12 death yaks
  A centaur warrior (D:13)
  6 orc high priests
  Urug (D:13)
  6 skeletal warriors
  3 unseen horrors
  12 orc knights
  A wolf spider zombie (D:13)
  8 hill giants
  2 deep elf magi
  A manticore (D:13)
  4 orc sorcerers (Orc:2)
  5 ugly things
  3 cyclopes
  3 griffons
  8 elephants (Lair:6)
  Maurice (D:8)
  9 black mambas
  2 ice statues (IceCv)
  4 gargoyles
  14 spiny frogs
  A torpor snail (Lair:5)
  2 kobold demonologists
  6 rime drakes
  An efreet (D:13)
  2 ice devils (Lair:2)
  9 komodo dragons
  5 trolls
  2 two-headed ogres
  7 slime creatures (D:12)
  A boulder beetle (Lair:6)
  7 blink frogs
  A centaur simulacrum (D:14)
  15 yaks
  2 redbacks (Lair:3)
  A spriggan (D:8)
  A wraith (D:10)
  A vampire (D:12)
  3 wyverns
  A human (shapeshifter) (D:12)
  3 basilisks
  5 fire elementals
  A steam dragon (Lair:6)
  2 hungry ghosts (D:10)
  16 humans
  4 vampire mosquitoes (D:12)
  11 hippogriffs
  6 wargs
  5 mottled dragons
  2 hell hounds (D:12)
  19 water moccasins
  Duvessa (D:6)
  11 porcupines
  46 orc warriors
  3 swamp drakes (Lair:6)
  18 ice beasts
  5 sky beasts
  4 black bears
  4 eyes of draining
  4 phantoms
  17 ogres
  A wasp (D:10)
  3 necrophages
  14 wolves
  8 centaurs
  20 crocodiles
  6 big kobolds
  33 giant frogs
  A wyvern zombie (D:9)
  Dowan (D:6)
  4 scorpions
  15 killer bees
  7 howler monkeys
  10 crimson imps
  4 centaur skeletons
  4 hounds
  39 orc priests
  2 giant frog zombies
  4 jellies
  2 giant frog skeletons
  9 iguanas
  27 orc wizards
  18 worker ants
  A killer bee zombie (D:10)
  17 sheep
  2 hound skeletons (D:5)
  A worker ant zombie (D:5)
  4 gnolls (D:2)
  15 adders
  43 river rats
  8 shadow imps
  2 oozes
  6 worms
  A dart slug (D:1)
  8 giant geckos
  106 orcs
  A ball python (D:4)
  2 giant cockroaches
  5 goblins
  6 hobgoblins
  19 jackals
  24 kobolds
  3 quokkas
  6 bats
  2 giant gecko skeletons
  5 giant newts
  4 rats
907 creatures vanquished.

Vanquished Creatures (collateral kills)
  An orc warrior (D:11)
  An orc wizard (D:11)
  2 orcs (D:11)
4 creatures vanquished.

Vanquished Creatures (others)
  A giant frog skeleton (D:13)
  An orc (Orc:2)
  21 fungi
  25 plants
48 creatures vanquished.

Grand Total: 959 creatures vanquished

Notes
Turn   | Place    | Note
-------+----------+-------------------------------------------
     0 | D:1      | Gorice the Demonspawn Venom Mage began the quest for the Orb.
     0 | D:1      | Reached XP level 1. HP: 13/13 MP: 3/3
    32 | D:1      | Reached skill level 1 in Conjurations
   101 | D:1      | Gained mutation: You are immune to rotting. [demonic ancestry]
   101 | D:1      | Reached XP level 2. HP: 19/19 MP: 1/5
   266 | D:1      | Reached skill level 2 in Conjurations
   345 | D:1      | Reached XP level 3. HP: 24/24 MP: 3/6
   574 | D:2      | --+2 robe of resistance - handy!
   593 | D:2      | Noticed a dagger
   594 | D:2      | Noticed a dagger
   604 | D:2      | Found a hide-covered altar of Uskayaw.
   863 | D:2      | Found a shadowy altar of Dithmenos.
   975 | D:2      | Reached skill level 3 in Conjurations
   975 | D:2      | Gained mutation: You have a pair of small horns on your head. [demonic ancestry]
   975 | D:2      | Reached XP level 4. HP: 30/30 MP: 3/8
  1353 | D:2      | Found a faded altar of an unknown god.
  1358 | D:2      | Reached skill level 3 in Spellcasting
  1755 | D:2      | Gained mutation: You are partially covered in slimy green scales. (AC +2) [demonic ancestry]
  1755 | D:2      | Reached XP level 5. HP: 35/35 MP: 7/9
  1781 | D:3      | Reached skill level 4 in Conjurations
  1883 | D:3      | Found a deep blue altar of Sif Muna.
  1904 | D:3      | Became a worshipper of Sif Muna the Loreminder
  1908 | D:3      | Learned a level 1 spell: Apportation
  2219 | D:3      | Found a blossoming altar of Fedhas.
  2654 | D:4      | --wow gnoll on D3 had a /hw with 7 charges!
  2680 | D:4      | Reached XP level 6. HP: 38/41 MP: 6/11
  2732 | D:4      | Reached skill level 5 in Conjurations
  2798 | D:4      | Reached skill level 4 in Spellcasting
  2981 | D:4      | Reached * piety under Sif Muna
  3164 | D:4      | Reached XP level 7. HP: 46/46 MP: 8/13
  3215 | D:4      | Got a crude scale mail
  3326 | D:5      | Entered Level 5 of the Dungeon
  3336 | D:4      | Reached skill level 6 in Conjurations
  3425 | D:4      | Reached skill level 1 in Fighting
  3545 | D:4      | HP: 14/48 [phantom (7)]
  3973 | D:5      | Reached skill level 2 in Fighting
  4017 | D:5      | Found an iron altar of Okawaru.
  4330 | D:5      | Reached ** piety under Sif Muna
  4330 | D:5      | Reached skill level 7 in Conjurations
  4340 | D:5      | Got a dazzling mace
  4655 | D:5      | Gained mutation: You regenerate a little health from kills. [demonic ancestry]
  4655 | D:5      | Reached XP level 8. HP: 57/57 MP: 11/15
  4917 | D:5      | Reached skill level 5 in Spellcasting
  4932 | D:5      | Found a glowing silver altar of Zin.
  5097 | D:6      | Found a staircase to the Ecumenical Temple.
  5104 | Temple   | Entered the Ecumenical Temple
  5256 | D:6      | Noticed Duvessa
  5257 | D:6      | Noticed Dowan
  5279 | D:6      | Killed Duvessa
  5285 | D:6      | Killed Dowan
  5332 | D:6      | Reached skill level 3 in Fighting
  5485 | D:6      | Reached skill level 8 in Conjurations
  5719 | D:6      | Found Viat's Gadget Emporium.
  5825 | D:6      | Reached skill level 1 in Translocations
  5859 | D:6      | Found a bloodstained altar of Trog.
  6037 | D:7      | Learned a level 3 spell: Stone Arrow
  6350 | D:7      | You fall through a shaft for 2 floors!
  6379 | D:9      | Found a staircase to the Orcish Mines.
  6402 | D:9      | Reached *** piety under Sif Muna
  6402 | D:9      | Reached skill level 4 in Fighting
  6402 | D:9      | Reached skill level 2 in Translocations
  6410 | D:9      | Reached skill level 6 in Spellcasting
  6436 | D:9      | Reached XP level 9. HP: 53/65 MP: 6/18
  6462 | D:9      | HP: 19/65 [wyvern zombie (2)]
  7212 | D:8      | Reached skill level 3 in Translocations
  7601 | D:7      | Reached skill level 5 in Fighting
  7667 | D:7      | Found a shimmering altar of Xom.
  7668 | D:7      | Found a shimmering altar of Xom.
  7668 | D:7      | Found a shimmering altar of Xom.
  7668 | D:7      | Found a shimmering altar of Xom.
  7668 | D:7      | Found a shimmering altar of Xom.
  7669 | D:7      | Found a shimmering altar of Xom.
  7669 | D:7      | Found a shimmering altar of Xom.
  7669 | D:7      | Noticed Prince Ribbit
  7670 | D:7      | Found a shimmering altar of Xom.
  7670 | D:7      | Found a shimmering altar of Xom.
  7785 | D:7      | Learned a level 3 spell: Mephitic Cloud
  7812 | D:7      | Reached skill level 1 in Earth Magic
  7942 | D:8      | Noticed a green ugly thing
  7960 | D:8      | Killed a green ugly thing
  7960 | D:8      | Reached **** piety under Sif Muna
  7960 | D:8      | Reached skill level 9 in Conjurations
  7960 | D:8      | Reached skill level 2 in Earth Magic
  7960 | D:8      | HP: 18/68 [poisoned by a green ugly thing]
  8206 | D:8      | Found Iplicrysh's Food Emporium.
  8209 | D:8      | Found a sacrificial altar of Ru.
  8437 | D:7      | Reached skill level 7 in Spellcasting
  9121 | D:8      | Found a sparkling altar of Nemelex Xobeh.
  9131 | D:8      | Gained mutation: You have a pair of horns on your head. [demonic ancestry]
  9131 | D:8      | Reached XP level 10. HP: 55/76 MP: 12/20
  9155 | D:8      | Noticed Maurice
  9326 | D:8      | Killed Maurice
  9326 | D:8      | Reached skill level 6 in Fighting
  9326 | D:8      | Reached skill level 3 in Earth Magic
  9683 | D:9      | Found a basalt altar of Yredelemnul.
  9938 | D:9      | Found Quhu's Book Shoppe.
  9941 | D:9      | Bought a book of Air for 350 gold pieces
  9944 | D:9      | Learned a level 2 spell: Repel Missiles
  9947 | D:9      | Learned a level 2 spell: Swiftness
  9953 | D:9      | Learned a level 3 spell: Ozocubu's Armour
 10117 | D:10     | Entered Level 10 of the Dungeon
 10197 | D:10     | Identified the cursed +0 mace "Tenk" {antimagic, MP+9 Int+3} (You found it on level 5 of the Dungeon)
 10264 | D:9      | Identified the cursed +1 scale mail of the Mantidfly {MR+} (You found it on level 4 of the Dungeon)
 10432 | D:10     | Noticed a hill giant
 10840 | D:10     | Reached skill level 1 in Charms
 10913 | D:9      | Reached ***** piety under Sif Muna
 11174 | D:10     | Received a gift from Sif Muna
 11182 | D:10     | Identified Sif Muna's Reference Book on Helpful Translocation (Sif Muna gifted it to you on level 10 of the Dungeon)
 11188 | D:10     | Learned a level 4 spell: Force Lance
 11207 | D:10     | HP: 22/77 [killer bee (10)]
 11221 | D:10     | HP: 18/77 [killer bee (10)]
 11222 | D:10     | HP: 8/77 [poisoned by a killer bee]
 11335 | D:10     | Reached skill level 10 in Conjurations
 11428 | D:9      | Reached skill level 2 in Charms
 11527 | D:10     | Noticed a death knight
 11537 | D:10     | Reached skill level 1 in Invocations
 11743 | D:10     | Killed a death knight
 11743 | D:10     | Reached skill level 7 in Fighting
 11743 | D:10     | Reached skill level 8 in Spellcasting
 11743 | D:10     | Reached skill level 2 in Invocations
 11804 | D:10     | Reached skill level 3 in Charms
 11972 | D:10     | Reached skill level 3 in Invocations
 11982 | D:10     | Killed a hill giant
 12559 | D:10     | Reached XP level 11. HP: 84/84 MP: 13/23
 12562 | D:10     | Reached skill level 4 in Invocations
 13291 | D:11     | Found a staircase to the Lair.
 13450 | D:11     | Got a fine ring mail
 13796 | D:11     | Noticed a hill giant
 13807 | D:11     | Killed a hill giant
 13807 | D:11     | Reached skill level 4 in Charms
 13849 | D:11     | Noticed a hill giant
 13896 | D:11     | HP: 22/86 [centaur (9)]
 14196 | D:11     | Reached skill level 5 in Invocations
 14303 | D:11     | HP: 22/86 [hill giant/giant club (32)]
 14311 | D:11     | HP: 2/86 [hill giant/giant club (22)]
 14327 | D:11     | Killed a hill giant
 14327 | D:11     | Reached skill level 8 in Fighting
 14728 | D:11     | Noticed a green ugly thing
 14792 | D:11     | Killed a green ugly thing
 14792 | D:11     | Reached skill level 9 in Spellcasting
 14952 | D:11     | Noticed a hill giant
 14956 | D:11     | Killed a hill giant
 15041 | D:11     | Noticed Snorg
 15054 | D:11     | Killed Snorg
 15054 | D:11     | Received a gift from Sif Muna
 15054 | D:11     | Reached skill level 5 in Charms
 15054 | D:11     | Reached skill level 6 in Invocations
 15055 | D:11     | Identified Sif Muna's Papyrus of Fire (Sif Muna gifted it to you on level 11 of the Dungeon)
 15288 | D:11     | Noticed a hill giant
 15296 | D:11     | Killed a hill giant
 15868 | D:11     | Reached skill level 7 in Invocations
 15956 | Lair:1   | Entered Level 1 of the Lair of Beasts
 15982 | Lair:1   | Learned a level 4 spell: Sticky Flame
 16402 | Lair:1   | Noticed a four-headed hydra
 16507 | Lair:1   | Killed a four-headed hydra
 16665 | Lair:1   | HP: 25/87 [komodo dragon (3)]
 16669 | Lair:1   | HP: 12/87 [komodo dragon (14)]
 16999 | Lair:1   | Reached skill level 9 in Fighting
 17013 | Lair:1   | Noticed an eight-headed hydra
 17150 | Lair:1   | Killed an eight-headed hydra
 17150 | Lair:1   | Gained mutation: You are mostly covered in slimy green scales. (AC +3) [demonic ancestry]
 17150 | Lair:1   | Reached XP level 12. HP: 95/95 MP: 8/25
 17332 | Lair:1   | HP: 28/95 [poisoned by a spiny frog]
 17337 | Lair:1   | HP: 25/95 [poisoned by a spiny frog]
 17342 | Lair:1   | HP: 22/95 [poisoned by a spiny frog]
 17347 | Lair:1   | HP: 20/95 [poisoned by a spiny frog]
 17352 | Lair:1   | HP: 19/95 [poisoned by a spiny frog]
 17359 | Lair:1   | HP: 19/95 [poisoned by a spiny frog]
 17367 | Lair:1   | HP: 19/95 [poisoned by a spiny frog]
 17791 | Lair:1   | Identified the +2 ring mail "Purok" {rF+} (You took it off an orc on level 11 of the Dungeon)
 17978 | Lair:1   | Reached skill level 8 in Invocations
 17981 | Lair:1   | Reached skill level 6 in Charms
 18166 | Lair:1   | Reached skill level 1 in Fire Magic
 18467 | Lair:2   | Noticed a seven-headed hydra
 18479 | Lair:2   | Killed a seven-headed hydra
 18546 | Lair:2   | Found a frozen archway.
 18555 | Lair:2   | Reached skill level 10 in Spellcasting
 18621 | IceCv    | Entered an ice cave
 18647 | IceCv    | Reached skill level 2 in Fire Magic
 19379 | IceCv    | Noticed an ice dragon
 19381 | IceCv    | Noticed an ice dragon
 19408 | IceCv    | Killed an ice dragon
 19408 | IceCv    | Received a gift from Sif Muna
 19408 | IceCv    | Reached skill level 3 in Fire Magic
 19409 | IceCv    | Identified Sif Muna's Guide on Arcane Weapons (Sif Muna gifted it to you in an ice cave)
 19631 | IceCv    | Got a scintillating lead ring
 19795 | IceCv    | Killed an ice dragon
 19991 | Lair:2   | Reached skill level 10 in Fighting
 20315 | Lair:2   | HP: 28/97 [poisoned by a water moccasin]
 20320 | Lair:2   | HP: 23/97 [poisoned by a water moccasin]
 20325 | Lair:2   | HP: 19/97 [poisoned by a water moccasin]
 20331 | Lair:2   | HP: 17/97 [poisoned by a water moccasin]
 20337 | Lair:2   | HP: 16/97 [poisoned by a water moccasin]
 20345 | Lair:2   | HP: 16/97 [poisoned by a water moccasin]
 20353 | Lair:2   | HP: 16/97 [poisoned by a water moccasin]
 20386 | Lair:2   | Reached skill level 11 in Conjurations
 21083 | Lair:3   | Noticed a death yak
 21083 | Lair:3   | Noticed a death yak
 21083 | Lair:3   | Noticed a death yak
 21083 | Lair:3   | Noticed a death yak
 21100 | Lair:1   | Killed a death yak
 21100 | Lair:1   | Reached skill level 4 in Fire Magic
 21216 | Lair:2   | Killed a death yak
 21529 | Lair:3   | Gained mutation: You may emit foul miasma when damaged in melee. [demonic ancestry]
 21529 | Lair:3   | Reached XP level 13. HP: 95/103 MP: 18/27
 21578 | Lair:3   | HP: 30/103 [poisoned by a spiny frog]
 21583 | Lair:2   | HP: 24/103 [poisoned by a spiny frog]
 21588 | Lair:2   | HP: 21/103 [poisoned by a spiny frog]
 21593 | Lair:2   | HP: 20/103 [poisoned by a spiny frog]
 21599 | Lair:2   | HP: 18/103 [poisoned by a spiny frog]
 21606 | Lair:2   | HP: 18/103 [poisoned by a spiny frog]
 21614 | Lair:2   | HP: 18/103 [poisoned by a spiny frog]
 22592 | Lair:3   | Noticed Gastronok
 23008 | Lair:3   | Reached skill level 12 in Conjurations
 23142 | Lair:3   | Reached skill level 2 in Dodging
 23154 | Lair:3   | Received a gift from Sif Muna
 23154 | Lair:3   | Reached skill level 11 in Spellcasting
 23154 | Lair:3   | Reached skill level 5 in Fire Magic
 23155 | Lair:3   | Identified Sif Muna's Papyrus of the Sinister Entourage (Sif Muna gifted it to you on level 3 of the Lair of Beasts)
 23362 | Lair:3   | HP: 30/103 [poisoned by a redback]
 23367 | Lair:3   | HP: 27/103 [poisoned by a redback]
 23372 | Lair:3   | HP: 26/103 [poisoned by a redback]
 23377 | Lair:3   | HP: 25/103 [poisoned by a redback]
 23384 | Lair:3   | HP: 25/103 [poisoned by a redback]
 23392 | Lair:3   | HP: 25/103 [poisoned by a redback]
 23609 | Lair:3   | Found a hole to the Spider Nest.
 24112 | Lair:3   | Killed Gastronok
 24112 | Lair:3   | Reached skill level 3 in Dodging
 24582 | Lair:4   | Found a staircase to the Swamp.
 25195 | Lair:1   | Learned a level 3 spell: Regeneration
 25304 | Lair:5   | Found a staircase to the Slime Pits.
 25304 | Lair:5   | Found a viscous altar of Jiyva.
 25335 | Lair:5   | Noticed Rupert
 25452 | Lair:5   | Reached skill level 6 in Fire Magic
 25729 | Lair:5   | Reached skill level 4 in Dodging
 26037 | Lair:5   | Killed Rupert
 26085 | Lair:5   | Identified the ring "Vixuent" {*Drain +Fly rPois rN+ MR++} (You found it in an ice cave)
 26134 | Lair:5   | Found a runed door.
 26558 | Lair:6   | Entered Level 6 of the Lair of Beasts
 26604 | Lair:6   | Received a gift from Sif Muna
 26718 | Lair:6   | Reached skill level 5 in Dodging
 26918 | Lair:6   | Gained mutation: You have a pair of large horns on your head. [demonic ancestry]
 26918 | Lair:6   | Reached XP level 14. HP: 67/110 MP: 13/29
 27315 | Lair:6   | Reached skill level 13 in Conjurations
 27981 | Lair:6   | Reached skill level 12 in Spellcasting
 28011 | Lair:6   | HP: 30/110 [death yak (11)]
 28022 | Lair:6   | Reached skill level 6 in Dodging
 28765 | Lair:6   | HP: 31/110 [sheep (7)]
 29505 | Lair:5   | HP: 25/110 [komodo dragon (28)]
 29816 | Lair:5   | Upgraded the game from 0.19-a0-965-g50bf062 to 0.19-a0-975-gfff5315
 30271 | Lair:5   | HP: 15/110 [death yak (24)]
 30539 | Lair:4   | Received a gift from Sif Muna
 30549 | Lair:4   | Identified Sif Muna's Handbook of Feathery Confrontation (Sif Muna gifted it to you on level 4 of the Lair of Beasts)
 30922 | Lair:5   | Reached skill level 7 in Dodging
 31935 | Orc:1    | Entered Level 1 of the Orcish Mines
 32368 | Orc:2    | Entered Level 2 of the Orcish Mines
 33531 | Orc:2    | Reached skill level 14 in Conjurations
 33857 | Orc:2    | Found Juitowk's General Store.
 33949 | Orc:2    | Found a staircase to the Elven Halls.
 34316 | Orc:2    | Received a gift from Sif Muna
 34330 | Orc:2    | Identified Sif Muna's Reference Book on Flight and the Traveller (Sif Muna gifted it to you on level 2 of the Orcish Mines)
 34680 | Orc:2    | Reached skill level 8 in Dodging
 34997 | Orc:2    | HP: 19/110 [orc warrior/halberd (21)]
 35002 | Orc:2    | Reached skill level 13 in Spellcasting
 35002 | Orc:2    | Reached XP level 15. HP: 21/115 MP: 2/32
 35014 | Orc:2    | HP: 6/115 [orc warrior/halberd (23)]
 35037 | Orc:2    | HP: 16/115 [orc warrior/halberd (19)]
 36264 | Orc:2    | Bought a scroll of remove curse for 42 gold pieces
 36678 | Orc:2    | Found Nyli's Gadget Emporium.
 36678 | Orc:2    | Found Zownisoczi's Gadget Emporium.
 36679 | Orc:2    | Found Haoffes's Distillery.
 36679 | Orc:2    | Found Segamm's General Store.
 36688 | Orc:2    | --wow !heal wounds is STiLL unkown
 36688 | Orc:2    | --lucky I found that early wand of hw
 36688 | Orc:2    | Bought a potion of heal wounds for 85 gold pieces
 36688 | Orc:2    | Bought a potion of heal wounds for 85 gold pieces
 36688 | Orc:2    | Bought a potion of resistance for 170 gold pieces
 36688 | Orc:2    | Bought a potion of resistance for 170 gold pieces
 36690 | Orc:2    | Bought a scroll of identify for 32 gold pieces
 36690 | Orc:2    | Bought a scroll of identify for 32 gold pieces
 36771 | Orc:2    | Gained mutation: You can translocate small distances at will. [potion of beneficial mutation]
 37048 | D:12     | Reached skill level 1 in Evocations
 37120 | D:12     | Reached skill level 9 in Dodging
 37478 | D:12     | Reached skill level 2 in Evocations
 37558 | D:12     | Found Qickiaru's Magic Scroll Emporium.
 37566 | D:12     | Learned a level 2 spell: Passwall
 37736 | D:12     | Received a gift from Sif Muna
 37737 | D:12     | Identified Sif Muna's Grimoire of the Cankerous Blaze (Sif Muna gifted it to you on level 12 of the Dungeon)
 38099 | D:13     | Found a gate to the Vaults.
 38099 | D:13     | Noticed Urug
 38143 | D:13     | Found a shattered altar of Ashenzari.
 38363 | D:13     | Reached skill level 3 in Evocations
 38411 | D:13     | Killed Urug
 38411 | D:13     | Reached skill level 15 in Conjurations
 38507 | D:13     | Noticed Azrael
 38839 | D:13     | Killed Azrael
 39057 | D:13     | Reached skill level 4 in Evocations
 39624 | D:13     | Noticed Shenda's ghost (journeyman MiFi)
 40335 | D:13     | Reached skill level 10 in Dodging
 40873 | D:12     | Reached skill level 5 in Evocations
 40913 | D:12     | HP: 31/115 [sixfirhy[a kobold demonologist] (8)]
 40914 | D:12     | HP: 14/115 [centaur/arrow (6)]
 41078 | D:12     | Bought a scroll of identify for 34 gold pieces
 41078 | D:12     | Bought a scroll of identify for 34 gold pieces
 41078 | D:12     | Bought a scroll of identify for 34 gold pieces
 41078 | D:12     | Bought a scroll of remove curse for 51 gold pieces
 41153 | Lair:1   | Learned a level 6 spell: Bolt of Fire
 41588 | D:14     | HP: 23/115 [skeletal warrior/dire flail[a skeletal warrior] (24)]
 41769 | D:14     | Reached skill level 7 in Fire Magic
 42200 | D:15     | Entered Level 15 of the Dungeon
 42265 | D:14     | Reached XP level 16. HP: 105/122 MP: 15/33
 42476 | D:14     | HP: 36/122 [two-headed ogre/giant club (19)]
 42477 | D:14     | HP: 13/122 [white ugly thing (14)]
 42477 | D:14     | Mangled by a two-headed ogre

Vault maps used:
D:1:      dpeg_arrival_pits
D:2:      dancing_weapons_uskayaw, ecumenical_altar_2,
          minmay_misc_feat_diagonals, grunt_dithmenos_smoke
D:3:      overflow_temple_1_default, marbit_many_paths, first_bread,
          eino_tiny_chamber
D:4:      minmay_misc_feat_cross
D:5:      kennysheep_little_box, serial_bayou_pond_a, okawaru_ov_weapons_minmay
D:6:      bloody_trog, kennysheep_small_square, uniq_duvessa
D:7:      xom_shifter_show, uniq_prince_ribbit1
D:8:      nemelex_xobeh_ov_fountains_minmay, basic_altar, serial_shops,
          nicolae_shop_crystal, the_bakery, uniq_maurice
D:9:      kennysheep_mini_moat, orc_0_dummy, serial_shops, kennysheep_mini
D:10:     mrwooster_statue_mirror, minmay_pinched_square
D:11:     erik_lair_orcish_takeover, uniq_snorg
D:12:     serial_shops, shop_statue, kennysheep_generic_room_12
D:13:     david_vaults_3, serial_curves, eino_curves_02, eino_curves_03,
          basic_altar, kennysheep_flooded_box, st_stairs_4,
          kennysheep_four_rooms, uniq_azrael
D:14:     hangedman_decor_slide_cut
D:15:     gammafunk_enter_depths_forms,
          hangedman_abyss_or_decor_jellyfish_corner
Temple:   cyrus_circular_temple
Lair:2:   portal_ice_cave_demonic_guard, grunt_megastairs_1, lemuel_fruit_tree
Lair:3:   spider_nest_entry_webs, uniq_gastronok
Lair:4:   swamp_mist_pool, serial_bayou_shore_a, grunt_megastairs_5
Lair:5:   slime_altar_1, pf_torpor_hydra, uniq_rupert
Lair:6:   hangedman_lair_in_review, guppyfry_lair_end_dragon
Orc:2:    st_orc_pillars, serial_shops, shop
IceCv:    ice_cave_small_dragons

Skill      XL: |  1  2  3  4  5  6  7  8  9 10 11 12 13 14 15 |
---------------+----------------------------------------------+-----
Conjurations   | 1 2 3 4 5 7 8 9 10 11 12 14 15 | 15.2
Spellcasting   | 3 4 6 7 8 9 10 11 13 | 13.0
Fighting       | 2 4 5 7 9 10 | 10.0
Translocations | 2 3 |  3.0
Earth Magic    | 2 3 |  3.1
Charms         | 3 5 6 |  6.0
Invocations    | 3 7 8 |  8.0
Fire Magic     | 4 6 7 |  7.2
Dodging        | 5 8 10 | 10.3
Evocations     | 5 |  5.8
Stealth        | |  1.7
Poison Magic   | |  4.0

Action                   |  1- 3 |  4- 6 |  7- 9 | 10-12 | 13-15 | 16-18 || total
-------------------------+-------+-------+-------+-------+-------+-------++-------
Melee: Short sword       |    59 |    80 |   338 |    90 |   441 |     4 ||  1012
       Headbutt          |       |    10 |    61 |    71 |   199 |     1 ||   342
       Dagger            |       |       |    31 |   150 |   826 |    13 ||  1020
       Staff             |       |       |       |   170 |       |       ||   170
Throw: Javelin           |       |       |    19 |     1 |       |       ||    20
       Tomahawk          |       |       |     2 |     3 |       |       ||     5
       Throwing net      |       |       |       |       |     3 |       ||     3
 Cast: Sting             |    40 |    94 |   166 |   394 |   186 |       ||   880
       Stone Arrow       |       |       |    23 |   232 |   277 |     3 ||   535
       Force Lance       |       |       |       |    35 |    46 |     1 ||    82
       Mephitic Cloud    |       |       |       |     3 |     1 |       ||     4
       Repel Missiles    |       |       |       |     1 |     6 |       ||     7
       Sticky Flame      |       |       |       |    40 |   344 |     6 ||   390
       Ozocubu's Armour  |       |       |       |    11 |   130 |     2 ||   143
       Swiftness         |       |       |       |       |     1 |       ||     1
       Regeneration      |       |       |       |       |    31 |     2 ||    33
       Passwall          |       |       |       |       |     1 |       ||     1
Invok: Channel Magic     |       |       |     1 |     3 |     3 |       ||     7
       Divine Energy     |       |       |       |       |     1 |       ||     1
       Stop Divine Energ |       |       |       |       |     1 |       ||     1
Evoke: Wand              |       |       |     3 |     5 |     6 |       ||    14
       Box of beasts     |       |       |       |     1 |       |       ||     1
  Use: Scroll            |     5 |     5 |    16 |    12 |     8 |       ||    46
       Potion            |       |       |     1 |     1 |     1 |       ||     3
 Stab: Sleeping          |       |     2 |       |     1 |     8 |       ||    11
  Eat: Chunk             |       |     7 |    21 |    22 |    50 |     1 ||   101
       Royal jelly       |       |       |       |     2 |     1 |       ||     3
       Meat ration       |       |       |       |     3 |     2 |       ||     5
       Bread ration      |       |       |       |     1 |     1 |       ||     2
       Pizza             |       |       |       |       |     2 |       ||     2
Armor: Robe              |    22 |    20 |   163 |   339 |   752 |    12 ||  1308
Dodge: Dodged            |    40 |    35 |   254 |   481 |  1610 |    46 ||  2466
       Deflected         |       |       |       |     3 |     8 |     1 ||    12

Table legend:
 A = Turns spent in this place as a percentage of turns spent in the entire game.
 B = Non-inter-level travel turns spent in this place as a percentage of non-inter-level travel turns spent in the entire game.
 C = Inter-level travel turns spent in this place as a percentage of turns spent in this place.
 D = Turns resting spent in this place as a percentage of non-inter-level travel turns spent in this place.
 E = Turns spent auto-exploring this place as a percentage of non-inter-level travel turns spent in this place.
 F = Non-inter-level travel turns spent in this place divided by the number of levels of this place that you've seen.
                   A       B       C       D       E      F
               +-------+-------+-------+-------+-------+----------------------
         Total | 100.0 | 100.0 |   0.5 |   4.7 |   3.7 | 590.5
       Dungeon |  49.4 |  49.4 |   0.5 |   3.9 |   4.7 | 486.6
        Temple |   0.1 |   0.1 |  10.0 |   0.0 |  88.9 |   9.0
          Lair |  31.8 |  31.7 |   0.7 |   5.7 |   3.1 | 781.2
  Orcish Mines |  15.9 |  15.9 |   0.3 |   4.9 |   1.6 | 1176.0
      Ice Cave |   2.8 |   2.8 |   0.0 |   4.8 |   1.7 | 416.0
               +-------+-------+-------+-------+-------+----------------------

Vault maps used:
D:1:      dpeg_arrival_pits
D:2:      dancing_weapons_uskayaw, ecumenical_altar_2,
          minmay_misc_feat_diagonals, grunt_dithmenos_smoke
D:3:      overflow_temple_1_default, marbit_many_paths, first_bread,
          eino_tiny_chamber
D:4:      minmay_misc_feat_cross
D:5:      kennysheep_little_box, serial_bayou_pond_a, okawaru_ov_weapons_minmay
D:6:      bloody_trog, kennysheep_small_square, uniq_duvessa
D:7:      xom_shifter_show, uniq_prince_ribbit1
D:8:      nemelex_xobeh_ov_fountains_minmay, basic_altar, serial_shops,
          nicolae_shop_crystal, the_bakery, uniq_maurice
D:9:      kennysheep_mini_moat, orc_0_dummy, serial_shops, kennysheep_mini
D:10:     mrwooster_statue_mirror, minmay_pinched_square
D:11:     erik_lair_orcish_takeover, uniq_snorg
D:12:     serial_shops, shop_statue, kennysheep_generic_room_12
D:13:     david_vaults_3, serial_curves, eino_curves_02, eino_curves_03,
          basic_altar, kennysheep_flooded_box, st_stairs_4,
          kennysheep_four_rooms, uniq_azrael
D:14:     hangedman_decor_slide_cut
D:15:     gammafunk_enter_depths_forms,
          hangedman_abyss_or_decor_jellyfish_corner
Temple:   cyrus_circular_temple
Lair:2:   portal_ice_cave_demonic_guard, grunt_megastairs_1, lemuel_fruit_tree
Lair:3:   spider_nest_entry_webs, uniq_gastronok
Lair:4:   swamp_mist_pool, serial_bayou_shore_a, grunt_megastairs_5
Lair:5:   slime_altar_1, pf_torpor_hydra, uniq_rupert
Lair:6:   hangedman_lair_in_review, guppyfry_lair_end_dragon
Orc:2:    st_orc_pillars, serial_shops, shop
IceCv:    ice_cave_small_dragons
